 Dungeon Crawl Stone Soup version 0.28.0-62-gf88900778d (webtiles) character file.

Game seed: 15793397811261693532

887 cbfl8 the Chopper (level 7, -8/60 HPs)
             Began as a Minotaur Fighter on June 25, 2023.
             Mangled by an orc priest
             ... wielding a +1 short sword of electrocution
              (11 damage)
             ... on level 5 of the Dungeon.
             The game lasted 00:03:50 (4045 turns).

cbfl8 the Chopper (Minotaur Fighter)                Turns: 4045, Time: 00:03:51

Health: -8/60      AC: 10    Str: 20    XL:     7   Next: 77%
Magic:  6/6        EV:  4    Int:  5    God:
Gold:   147        SH: 18    Dex: 12    Spells: 6/6 levels left

rFire   . . .      SeeInvis .   a - +0 war axe
rCold   . . .      Faith    .   t - +0 tower shield
rNeg    . . .      Spirit   .   q - +0 chain mail
rPois   .          Reflect  +   (helmet restricted)
rElec   .          Harm     .   (no cloak)
rCorr   .          Rampage  .   (no gloves)
Will    .....                   (no boots)
Stlth   ..........              b - amulet of reflection
HPRegen 0.20/turn               (no ring)
MPRegen 0.10/turn               (no ring)

@: no status effects
A: horns 2, retaliatory headbutt
a: no special abilities


You were on level 5 of the Dungeon.
You visited 1 branch of the dungeon, and saw 5 of its levels.

You collected 175 gold pieces.
You spent 28 gold pieces at shops.

Inventory:

Hand Weapons
 a - a +0 war axe (weapon)
Armour
 q - a +0 chain mail (worn)
 t - a +0 tower shield (worn)
Jewellery
 b - an amulet of reflection (around neck)
Wands
 d - a wand of iceblast (9)
 o - a wand of paralysis (11) (quivered)
Scrolls
 c - a scroll of fear
 f - 3 scrolls of fog
 i - a scroll of silence {unknown}
 m - a scroll of enchant weapon {unknown}
 n - a scroll of enchant armour
 r - a scroll of immolation
 s - 4 scrolls of noise
Potions
 e - a potion of magic {unknown}
 g - 2 potions of mutation
 h - a potion of brilliance {unknown}
 j - a potion of flight {unknown}
 l - 2 potions of degeneration {unknown}
 p - a potion of ambrosia {unknown}


   Skills:
 + Level 4.7 Fighting
 + Level 6.6 Axes
 + Level 5.6 Armour
 + Level 1.7 Dodging
 + Level 1.4 Stealth
 + Level 4.8 Shields
 * Level 3.4 Evocations


You had 6 spell levels left.
You didn't know any spells.
Your spell library was empty.

Dungeon Overview and Level Annotations

Branches:
Dungeon (5/15)
 Temple: D:4-7

Altars:

Shops:
D:2 *


Innate Abilities, Weirdness & Mutations

You have a pair of horns on your head.
You reflexively headbutt those who attack you in melee.


Message History

The hound is severely wounded.
You hit the orc priest but do no damage.
You hit the orc but do no damage. You block the hound's attack.
The orc hits you but does no damage. The hound barely misses you.
The orc priest hits you but does no damage.
You are electrocuted!
You block the orc's attack.
You closely miss the hound. Your headbutt misses the hound.
The hound is severely wounded.
You hit the orc priest. You hit the orc. You block the hound's attack.
You block the orc priest's attack. The hound bites you but does no damage.
You block the orc's attack.
The orc priest hits you with a +1 short sword of electrocution.
You block the hound's attack.
You closely miss the hound. You headbutt the hound!
You kill the hound!
You hit the orc.
You kill the orc!
You slash the orc priest!
The orc priest mumbles some strange prayers to Beogh against you.
Pain shoots through your body!
The orc priest mumbles some strange prayers to Beogh against you.
Pain shoots through your body!
You completely miss the orc priest.
The orc priest is almost dead.
The orc priest mumbles some strange prayers to Beogh against you.
Beogh smites you!
Unknown command.
Aiming: Paralyse
Press: ? - help, Q - select action, (/) - cycle Shift-Dir - straight line, f - orc priest
Aim: an orc priest, wielding a +1 short sword of electrocution and wearing a +0 leather armour (almost dead, chance to affect: 57%)
The orc priest resists with significant effort.
The orc priest mumbles some strange prayers to Beogh against you.
Beogh smites you!
* * * LOW HITPOINT WARNING * * *
You hit the orc priest but do no damage.
The orc priest is almost dead.
The orc priest hits you with a +1 short sword of electrocution.
* * * LOW HITPOINT WARNING * * *
You are electrocuted!
You die...

$........ ...........#.
.......... ..........###
.......... .##..........
.....^...# #.###...##.
#.......### ###........
###....?.#.###.....#....
..$............†..####..
#...)............#.#..
#....@####............
#...>)o# ##.......#....
#........##.......####..
....##.............#....
#.. ....[.........>.<...
## ................####
..........##...## #
............ ...# #..
....................


You could see an orc priest.

Vanquished Creatures
  Pargi (D:3)
  An ogre (D:4)
  A phantom (D:4)
  4 scorpions
  A hound (D:5)
  A bullfrog skeleton (D:4)
  A jelly (D:4)
  2 orc priests
  A centaur skeleton (D:4)
  An orc wizard (D:5)
  2 hound skeletons
  4 adders
  An ufetubus (D:4)
  2 adder skeletons (D:4)
  A worm (D:2)
  3 dart slugs
  7 orcs
  9 ball pythons
  7 bats
  7 endoplasms
  6 giant cockroaches
  11 goblins
  9 hobgoblins
  2 jackals (D:1)
  8 kobolds
  7 quokkas
  6 frilled lizards
  7 rats
113 creatures vanquished.

Notes
Turn   | Place    | Note
-------+----------+-------------------------------------------
     0 | D:1      | cbfl8 the Minotaur Fighter began the quest for the Orb.
     0 | D:1      | Reached XP level 1. HP: 19/19 MP: 0/0
   170 | D:1      | Reached XP level 2. HP: 27/27 MP: 1/1
   521 | D:1      | Reached skill level 1 in Evocations
   548 | D:1      | Reached XP level 3. HP: 27/33 MP: 2/2
  1024 | D:2      | Found a faded altar of an unknown god.
  1170 | D:2      | Reached skill level 3 in Axes
  1309 | D:2      | Found Avaonaux's General Store.
  1318 | D:2      | Bought a scroll of identify for 28 gold pieces
  1519 | D:2      | Reached XP level 4. HP: 40/40 MP: 3/3
  1746 | D:3      | Noticed Pargi
  1756 | D:3      | Killed Pargi
  1757 | D:3      | Reached skill level 4 in Axes
  1757 | D:3      | Reached skill level 1 in Dodging
  1757 | D:3      | Reached XP level 5. HP: 40/46 MP: 4/4
  2278 | D:4      | Noticed an ogre
  2282 | D:4      | Killed an ogre
  2283 | D:4      | Reached skill level 5 in Axes
  2283 | D:4      | Reached XP level 6. HP: 34/53 MP: 5/5
  2846 | D:4      | Reached skill level 6 in Axes
  2846 | D:4      | Reached skill level 5 in Armour
  2854 | D:4      | Reached XP level 7. HP: 27/60 MP: 6/6
  3387 | D:5      | Entered Level 5 of the Dungeon
  4004 | D:5      | Reached skill level 1 in Stealth
  4045 | D:5      | HP: 3/60 [orc priest/+1 short sword of electrocution (4)]
  4045 | D:5      | Mangled by an orc priest

Illustrated notes

Levels and vault maps discovered:
D:1:      scummos_arrival_gate, layout_basic, minmay_misc_feat_chi,
          minmay_pentomino_q4
D:2:      layout_loops_ring, shapermc_ecumenical_altar_pompeii, serial_shops,
          nicolae_lakefront_shop, minmay_ruptured
D:3:      layout_rooms, minmay_misc_feat_roman, minmay_circle_x, uniq_pargi
D:4:      layout_cave_pools
D:5:      layout_cave_pools

Skill      XL: |  1  2  3  4  5  6  7 |
---------------+----------------------+-----
Evocations     | 1 2 3 |  3.4
Armour         | 4 5 |  5.6
Fighting       | 4 |  4.7
Axes           | 3 4 5 6 |  6.6
Shields        | 4 |  4.8
Dodging        | 1 |  1.7
Stealth        | 1 |  1.4

Action                   |  1- 3 |  4- 6 |  7- 9 || total
-------------------------+-------+-------+-------++-------
Melee: War axe           |    96 |    80 |    69 ||   245
       Headbutt          |     9 |    10 |     9 ||    28
Evoke: Wand              |       |       |     2 ||     2
  Use: Scroll            |     3 |       |     4 ||     7
       Potion            |       |     4 |     1 ||     5
 Stab: Paralysed         |       |       |     5 ||     5
Armor: Scale mail        |    48 |    45 |     9 ||   102
       Chain mail        |       |       |    30 ||    30
Dodge: Dodged            |    43 |    39 |    13 ||    95
Block: Buckler           |    25 |    16 |     5 ||    46
       Tower shield      |       |       |    68 ||    68
       Reflection        |       |       |     2 ||     2
